 Dungeon Sprint DCSS version 0.21-a0-265-gb353147 (webtiles) character file.

10 Kidiri the Magician (level 2, -3/15 HPs)
             Began as a Deep Elf Fire Elementalist on Sept 10, 2017.
             Slain by a human (7 damage)
             ... in the Dungeon (Sprint III: "The Ten Rune Challenge").
             The game lasted 00:01:31 (169 turns).

Kidiri the Magician (Deep Elf Fire Elementalist)     Turns: 169, Time: 00:01:31

Health: -3/15      AC:  2    Str:  5    XL:     2   Next: 10%
Magic:  8/10       EV: 13    Int: 19    God:
Gold:   0          SH:  0    Dex: 15    Spells: 10/11 levels left

rFire    . . .     SeeInvis .   k - +0 mace (drain)
rCold    . . .     Gourm    .   (no shield)
rNeg     . . .     Faith    .   a - +0 robe
rPois    .         Spirit   .   (no helmet)
rElec    .         Reflect  .   (no cloak)
rCorr    .         Harm     .   (no gloves)
MR       .....     NoTele   +   (no boots)
Stlth    ++........             (no amulet)
HPRegen  0.05/turn              (no ring)
MPRegen  0.12/turn              (no ring)

@: no status effects
A: no striking features
a: no special abilities


You were in the Dungeon.
You were not hungry.

You visited 1 branch

Inventory:

Hand Weapons
 k - a +0 mace of draining (weapon)
Armour
 a - a +0 robe (worn)
Scrolls
 i - a scroll of blinking
Potions
 e - a potion of heal wounds
 f - a potion of haste
 g - a potion of magic
 h - a potion of berserk rage
Books
 b - a book of Flames

   Spells                             Type                      Level
   a - Flame Tongue                   Conjuration/Fire             1
   b - Throw Flame                    Conjuration/Fire             2
   c - Conjure Flame                  Conjuration/Fire             3
   d - Inner Flame                    Hexes/Fire                   3
   e - Sticky Flame                   Conjuration/Fire             4
   f - Fireball                       Conjuration/Fire             5
Comestibles
 c - a bread ration
 j - 2 chunks of flesh


   Skills:
 - Level 2.4 Dodging
 - Level 2.4 Stealth
 * Level 5.0 Spellcasting
 + Level 2.5 Conjurations
 + Level 3.9 Fire Magic


You had 10 spell levels left.
You knew the following spells:

 Your Spells              Type           Power        Failure   Level  Hunger
a - Flame Tongue          Conj/Fire      ###..        3%          1    None


Dungeon Overview and Level Annotations

Branches:
Dungeon (1/1)

Altars:


Message History

The flame tongue misses the human.
The human hits you but does no damage.
You closely miss the human.
The human is heavily wounded.
The human hits you.
* * * LOW HITPOINT WARNING * * *
The human misses you. Magic courses through your body.
The human barely misses you.
Casting: Flame Tongue
Confirm with . or Enter, or press ? or * to list all spells.
Aiming: Flame Tongue
Press: ? - help, Shift-Dir - straight line, f/p - human
Aim: a human (heavily wounded)
The flame tongue misses the human.
The human hits you but does no damage.
Casting: Flame Tongue
Confirm with . or Enter, or press ? or * to list all spells.
Aiming: Flame Tongue
Press: ? - help, Shift-Dir - straight line, f/p - human
Aim: a human (heavily wounded)
The flame tongue misses the human.
The human hits you!
You die...

▓▓▓▓▓▓▓▓▓
▓<..#...####
▓...#......##
▓..##....÷..# .#
▓##.##.##...# .#
##.##.###p.# ..#
▓#.####p##..# ...+
▓.###.@##..##
#p..# ▓#.....##..#
#....#
###..##...##.....#
##..##....#......#
#..###..##.#.....#
#(.# #..#####....#
▓▓▓▓ ▓▓▓▓ ▓▓▓▓▓


You could see a human.

Vanquished Creatures
  An ooze (D)
  A phantom (D)
  3 rats (D)
5 creatures vanquished.

Vanquished Creatures (others)
  2 draconian scorchers (D)
  6 hellions (D)
  A yaktaur (D)
9 creatures vanquished.

Grand Total: 14 creatures vanquished

Notes
Turn   | Place    | Note
-------+----------+-------------------------------------------
     0 | D        | Kidiri the Deep Elf Fire Elementalist began the quest for the Orb.
     0 | D        | Reached XP level 1. HP: 10/10 MP: 6/6
    40 | D        | Reached skill level 4 in Spellcasting
   115 | D        | Killed a hellion
   117 | D        | Killed a yaktaur
   117 | D        | Killed a hellion
   117 | D        | Killed a hellion
   117 | D        | Killed a hellion
   126 | D        | Killed a hellion
   128 | D        | Killed a white draconian scorcher
   160 | D        | Reached skill level 5 in Spellcasting
   160 | D        | Reached XP level 2. HP: 15/15 MP: 3/10
   160 | D        | Killed a white draconian scorcher
   163 | D        | Killed a hellion
   169 | D        | Slain by a human

Vault maps used:
D:        dungeon_sprint_mu

Skill      XL: |  1 |
---------------+----+-----
Spellcasting   | 5 |  5.0
Conjurations   | 2 |  2.5
Dodging        | |  2.4
Stealth        | |  2.4
Fire Magic     | |  3.9

Action                   || total
-------------------------++-------
Melee: Mace              ||     2
 Cast: Flame Tongue      ||    20
  Use: Potion            ||     2
Armor: Robe              ||     2
Dodge: Dodged            ||     8

Table legend:
 A = Spawn XP
 B = Non-spawn XP
 C = Spawn XP percentage of total XP
 D = Spawn monster count
 E = Non-spawn monster count
 F = Spawn count percentage of total count
 G = Total turns spent on level
                    A         B        C        D         E        F      G
               +---------+---------+-------+---------+---------+-------+---------
         Total |       0 |      15 |   0.0 |       0 |       5 |   0.0 |   169
               +---------+---------+-------+---------+---------+-------+---------
             D |       0 |      15 |   0.0 |       0 |       5 |   0.0 |   169
               +---------+---------+-------+---------+---------+-------+---------
